 Dungeon Crawl Stone Soup version 0.25-a0-287-g56a5b49892 (webtiles) character file.

Game seed: 17883869581567581096, levelgen mode: deterministic

4537 night the Tainter (level 10, -5/64 HPs)
             Began as a Gargoyle Venom Mage on Dec 12, 2019.
             Was an Initiate of Ru.
             Slain by a death yak (21 damage)
             ... on level 8 of the Dungeon.
             The game lasted 00:28:15 (9138 turns).

night the Tainter (Gargoyle Venom Mage)             Turns: 9138, Time: 00:28:16

Health: -5/64      AC: 11    Str: 13    XL:     10   Next: 40%
Magic:  0/21       EV: 12    Int: 18    God:    Ru [......]
Gold:   19         SH:  2    Dex: 10    Spells: 11/24 levels left

rFire    . . .     SeeInvis .   F - +0 triple sword (protect)
rCold    . . .     Gourm    .   (shield currently unavailable)
rNeg     + . .     Faith    .   a - +0 robe
rPois    ∞         Spirit   .   q - +1 helmet
rElec    +         Reflect  +   (no cloak)
rCorr    .         Harm     .   (no gloves)
MR       .....                  (no boots)
Stlth    ++........             d - +2 amulet of reflection
HPRegen  0.20/turn              l - ring of flight
MPRegen  0.17/turn              (no ring)

@: no status effects
A: negative energy resistance 1, electricity resistance, unbreathing,
petrification resistance, rot immunity, AC +7
a: Renounce Religion, Evoke Flight


You were on level 8 of the Dungeon.
You worshipped Ru.
Ru was noncommittal.
You were hungry.

You visited 2 branches of the dungeon, and saw 9 of its levels.

You collected 344 gold pieces.
You spent 325 gold pieces at shops.

Inventory:

Hand Weapons
 e - a +1 dagger
 u - a +0 falchion
 x - a +0 shortbow
 F - a +0 triple sword of protection (weapon)
 G - a +3 dagger
Missiles
 f - 50 poisoned darts
 m - 132 arrows
 o - 4 boomerangs (quivered)
Armour
 a - a +0 robe (worn)
 q - a +1 helmet (worn)
Jewellery
 d - a +2 amulet of reflection (around neck)
 l - a ring of flight (left hand)
 s - an uncursed amulet of faith
 C - an uncursed ring of fire {unknown}
 E - an uncursed ring of stealth {unknown}
Wands
 t - a wand of flame (16)
 w - a wand of acid (10)
 y - a wand of enslavement (11)
Scrolls
 b - 6 scrolls of teleportation
 h - 2 scrolls of enchant weapon
 i - a scroll of immolation {unknown}
 v - 6 scrolls of remove curse
 B - 2 scrolls of identify
 D - a scroll of amnesia
Potions
 g - 2 potions of heal wounds {unknown}
 j - 3 potions of haste
 k - 5 potions of curing {unknown}
 n - 2 potions of agility {unknown}
 p - 3 potions of lignification {unknown}
 r - a potion of brilliance {unknown}
 z - 2 potions of resistance {unknown}
 A - a potion of mutation {unknown}
Comestibles
 c - 17 rations


   Skills:
 + Level 8.2 Fighting
 + Level 4.5 Long Blades
 - Level 1.5 Dodging
 - Level 2.1 Stealth
 + Level 7.8 Spellcasting
 - Level 0.7 Transmutations
 + Level 8.9 Poison Magic


You had 11 spell levels left.
You knew the following spells:

 Your Spells              Type           Power        Failure   Level  Hunger
a - Sting                 Tmut/Pois      ###.         1%          1    None
b - Poisonous Vapours     Pois/Air       ###...       2%          2    None
c - Mephitic Cloud        Conj/Pois/Air  ###.....     9%          3    #......
d - Olgreb's Toxic Radia  Pois           #####...     2%          4    ###....
e - Ignite Poison         Fire/Tmut/Pois ###.....     8%          3    #......

Your spell library contained the following spells:

 Spells                   Type           Power        Failure   Level  Hunger
 Magic Dart               Conj           #...         10%         1    None
 Blink                    Tloc           N/A          16%         2    None
 Call Imp                 Summ           #.......     16%         2    None
 Slow                     Hex            #.......     16%         2    None
 Conjure Flame            Conj/Fire      #.......     30%         3    #......


Dungeon Overview and Level Annotations

Branches:
Dungeon (8/15)             Temple (1/1) D:7
   Lair: D:8-11

Altars:
Ashenzari
Cheibriados
Dithmenos
Elyvilon
Fedhas
Gozag
Hepliaklqana
Kikubaaqudgha
Makhleb
Nemelex Xobeh
Okawaru
Qazlal
Ru
Sif Muna
Trog
Uskayaw
Vehumet
Wu Jian
Xom
Yredelemnul
Zin
The Shining One

Shops:
D:5 **?(


Innate Abilities, Weirdness & Mutations

You are resistant to torment.
Your stone body is resilient. (AC +7)
You are immune to poison.
You resist negative energy. (rN+)
You are resistant to electric shocks. (rElec)
You can survive without breathing.
You are immune to petrification.
You are immune to rotting.


Message History

Confirm with . or Enter, or press ? or * to list all spells.
Okay, then.
Casting: Ignite Poison (safe; 8% risk of failure)
Confirm with . or Enter, or press ? or * to list all spells.
Aiming: Mephitic Cloud (safe; 9% risk of failure)
Press: ? - help, Shift-Dir - straight line, f - death yak
Aim: a death yak (heavily wounded)
The ball explodes into a vile cloud!
The stinking cloud engulfs the death yak but does no damage.
The death yak is heavily wounded.
The stinking cloud engulfs you but does no damage.
You hear a shout!
The death yak is engulfed in noxious fumes.
The death yak gores you but does no damage.
The death yak is engulfed in noxious fumes.
You barely miss the death yak.
The death yak is heavily wounded.
The death yak is engulfed in noxious fumes.
The death yak gores you!!
You die...

#......#.....#'####....#..
########.....#.........#..
#.....#.........#..
#.....#........>#..
#.....#.........#..
#.....#.........#..
#.....#...##....#..
#######...##†######
#@Y○°.....#.......
#...☼.....'.......
#.........#.......
####..##...##.......
.#..##+##...##.......
......#..........##+
#....#....#######
#....#....# #....#....+


You could see a death yak.

Vanquished Creatures
  2 death yaks (D:8)
  Prince Ribbit (D:7)
  A spriggan (D:7)
  6 yaks (D:8)
  An orc warrior (D:6)
  An ice beast (D:5)
  3 sky beasts
  2 phantoms
  3 ogres
  A centaur (D:5)
  A big kobold (D:7)
  3 howler monkeys
  4 crimson imps
  A bullfrog zombie (D:5)
  2 jellies
  2 hounds (D:5)
  3 orc priests
  2 centaur skeletons
  Terence (D:3)
  3 orc wizards
  7 worker ants
  A hound skeleton (D:6)
  A howler monkey skeleton (D:6)
  An adder (D:8)
  An adder zombie (D:6)
  2 adder skeletons
  5 worms
  5 dart slugs
  8 leopard geckos
  18 orcs
  8 bats
  15 giant cockroaches
  8 goblins
  7 hobgoblins
  14 jackals
  4 quokkas
  3 ball pythons
  10 frilled lizards
  11 kobolds
  2 quokka skeletons
  11 rats
185 creatures vanquished.

Vanquished Creatures (others)
  A centaur (D:6)
1 creature vanquished.

Grand Total: 186 creatures vanquished

Notes
Turn   | Place    | Note
-------+----------+-------------------------------------------
     0 | D:1      | night the Gargoyle Venom Mage began the quest for the Orb.
     0 | D:1      | Reached XP level 1. HP: 10/10 MP: 3/3
   156 | D:1      | Reached XP level 2. HP: 15/15 MP: 1/5
   271 | D:1      | Learned a level 2 spell: Poisonous Vapours
   681 | D:1      | Reached XP level 3. HP: 19/19 MP: 4/6
  1099 | D:1      | Learned a level 3 spell: Mephitic Cloud
  2094 | D:2      | Reached XP level 4. HP: 24/24 MP: 0/8
  3100 | D:3      | Reached XP level 5. HP: 28/28 MP: 1/10
  3114 | D:3      | Learned a level 4 spell: Olgreb's Toxic Radiance
  3517 | D:3      | Reached skill level 1 in Fighting
  4046 | D:3      | Noticed Terence
  4064 | D:3      | Killed Terence
  4345 | D:4      | Reached XP level 6. HP: 35/35 MP: 5/11
  4401 | D:4      | Reached skill level 5 in Poison Magic
  4764 | D:4      | Reached XP level 7. HP: 22/41 MP: 10/13
  5413 | D:5      | Entered Level 5 of the Dungeon
  5413 | D:5      | Found Esannimu's Antique Weapon Shoppe.
  5544 | D:5      | Found Cathraepu's Assorted Antiques.
  5547 | D:5      | Found Piez's Magic Scroll Shoppe.
  5808 | D:5      | Found Pyudus's General Store.
  5851 | D:5      | Reached skill level 5 in Spellcasting
  6096 | D:5      | Reached XP level 8. HP: 42/48 MP: 11/15
  6223 | D:5      | Reached skill level 5 in Fighting
  7452 | D:6      | Reached skill level 1 in Long Blades
  7491 | D:6      | Reached XP level 9. HP: 41/55 MP: 7/18
  7891 | D:6      | Found a glowing golden altar of the Shining One.
  7984 | D:7      | Learned a level 3 spell: Ignite Poison
  8087 | D:7      | Noticed Prince Ribbit
  8093 | D:7      | Killed Prince Ribbit
  8331 | D:7      | Found a staircase to the Ecumenical Temple.
  8341 | Temple   | Entered the Ecumenical Temple
  8446 | Temple   | Became a worshipper of Ru the Awakened
  8790 | D:5      | Bought a runed triple sword for 325 gold pieces
  8990 | D:8      | Reached XP level 10. HP: 64/64 MP: 18/21
  9082 | D:8      | Noticed a death yak
  9090 | D:8      | Noticed a death yak
  9101 | D:8      | Killed a death yak
  9101 | D:8      | Noticed a death yak
  9123 | D:8      | Killed a death yak
  9138 | D:8      | Slain by a death yak

Levels and vault maps discovered:
D:1:      onia_arrival_larder, layout_basic, fountainhead
D:2:      minmay_wonky_spiral, layout_loops_ring
D:3:      layout_rooms, uniq_terence
D:4:      layout_loops_ring
D:5:      minmay_chambers_of_threes, layout_rooms, serial_shops,
          nicolae_shop_behind_doors, nicolae_shop_stone, shop, shop,
          portal_sewer_entry_e, first_ration
D:6:      layout_cave_pools, lemuel_doored_altar
D:7:      layout_gridville, minmay_temple_entry_poolview, the_bakery,
          uniq_prince_ribbit1
D:8:      layout_gridville, dpeg_lair_monsters
Temple:   kilobyte_greek_temple

Skill      XL: |  1  2  3  4  5  6  7  8  9 10 |
---------------+-------------------------------+-----
Spellcasting   | 3 4 5 6 7 |  7.8
Poison Magic   | 4 5 6 7 8 |  8.9
Fighting       | 1 3 4 6 7 8 |  8.2
Long Blades    | 1 3 4 |  4.5
Dodging        | |  1.5
Stealth        | |  2.1
Transmutations | |  0.7

Action                   |  1- 3 |  4- 6 |  7- 9 | 10-12 || total
-------------------------+-------+-------+-------+-------++-------
Melee: Unarmed           |     2 |       |       |       ||     2
       Dagger            |    47 |    94 |   108 |       ||   249
       Falchion          |       |       |    99 |       ||    99
       Triple sword      |       |       |    20 |    22 ||    42
 Fire: Shortbow          |       |       |    25 |       ||    25
Throw: Boomerang         |       |       |     3 |       ||     3
 Cast: Sting             |    42 |    46 |    60 |       ||   148
       Poisonous Vapours |    22 |    35 |    33 |     3 ||    93
       Mephitic Cloud    |       |     2 |     2 |     1 ||     5
       Olgreb's Toxic Ra |       |     6 |    14 |     4 ||    24
       Ignite Poison     |       |       |     2 |     2 ||     4
  Use: Scroll            |       |     6 |     1 |       ||     7
 Stab: Confused          |       |     2 |       |       ||     2
  Eat: Chunk             |     6 |    11 |    13 |       ||    30
       Ration            |       |       |     1 |       ||     1
Armor: Robe              |    17 |    33 |   108 |    14 ||   172
Dodge: Dodged            |    38 |    54 |   158 |    16 ||   266
Block: Other             |       |     6 |    19 |     6 ||    31
       Reflection        |       |       |     1 |       ||     1
       Rpst.: Falchion   |       |       |    17 |       ||    17
       Triple sword      |       |       |     7 |     7 ||    14

Table legend:
 A = Non-vault XP
 B = Vault XP
 C = Vault XP percentage of total XP
 D = Non-vault monster count
 E = Vault monster count
 F = Vault count percentage of total count
                 A         B        C        D         E       F
            +---------+---------+-------+---------+---------+-------
      Total |    3836 |    2646 |  40.8 |     160 |      26 |  14.0
            +---------+---------+-------+---------+---------+-------
        D:1 |      53 |       6 |  10.2 |      29 |       3 |   9.4
        D:2 |      96 |       6 |   5.9 |      26 |       3 |  10.3
        D:3 |     115 |      36 |  23.8 |      34 |       1 |   2.9
        D:4 |     477 |       0 |   0.0 |      20 |       0 |   0.0
        D:5 |     393 |     411 |  51.1 |       9 |      15 |  62.5
        D:6 |     976 |       0 |   0.0 |      26 |       0 |   0.0
        D:7 |     232 |     466 |  66.8 |       7 |       2 |  22.2
        D:8 |    1494 |    1721 |  53.5 |       9 |       2 |  18.2
            +---------+---------+-------+---------+---------+-------
